Map: Acropolis LE

Players

Cracy

  • Race: Terran Terran
  • League: Diamond
  • Spawn Location: 11:00

PeLLy - Winner!

  • Race: Zerg Zerg
  • League: Diamond
  • Spawn Location: 5:00

VOD

Have the link to the VOD?

Description

Time

  • Played on: Aug. 8, 2019, 5:28 p.m.
  • Length: 19:49
Show
View Real Time Build Order
Export as new Build Order

Cracy Terran 

Build Orders: Command Center First (CC) 

Get SALT Encoding   

  12  0:01  SCV  
  13  0:13  SCV  
  14  0:18  Supply Depot  
  14  0:25  SCV  
  15  0:40  SCV  
  16  0:52  SCV  
  17  1:01  Command Center  
  17  1:05  SCV  
  18  1:20  Barracks  
  18  1:22  SCV  
  19  1:31  Barracks  
  19  1:34  SCV  
  20  1:43  Barracks  
  20  1:46  SCV  
  21  1:54  Refinery  
  21  1:59  SCV  
  22  2:08  Marine  
  22  2:11  Orbital Command  
  23  2:18  Orbital Command  
  23  2:22  Marine  
  23  2:27  Marine  
  25  2:31  Marine  
  26  2:43  Barracks Tech Lab  
  26  2:45  Marine  
  26  2:47  Supply Depot, SCV x2  
  29  2:57  Supply Depot  
  29  2:59  SCV x2  
  29  3:00  Marine  
  32  3:05  Stimpack  
  32  3:12  SCV x2  
  34  3:14  Marine  
  34  3:17  Marine  
  36  3:30  Marine  
  37  3:37  Barracks  
  37  3:38  Barracks  
  37  3:42  Factory  
  37  3:44  SCV x2  
  37  3:45  Refinery  
  39  3:50  Marine x2  
  39  3:51  Marine  
  42  3:56  SCV x2  
  44  4:08  SCV x2, Marine  
  47  4:16  Supply Depot, Marine  
  48  4:18  Supply Depot  
  48  4:20  SCV x2  
  50  4:29  Starport, Factory Reactor  
  50  4:33  SCV x2  
  50  4:34  Marine x2  
  50  4:38  Marine x3  
  57  4:43  Supply Depot  
  57  4:45  SCV  
  57  4:46  Supply Depot  
  57  4:52  Marine x2  
  60  4:58  SCV x2  
  60  4:59  Refinery x2  
  62  5:10  Supply Depot, SCV x2  
  64  5:18  Supply Depot  
  64  5:22  SCV x2  
  64  5:24  Barracks Reactor x2  
  64  5:25  Barracks Reactor x2  
  64  5:26  Medivac  
  68  5:34  Medivac, SCV x2  
  72  5:38  Marauder  
  74  5:46  Command Center  
  74  5:47  Supply Depot  
  74  5:48  Supply Depot  
  74  5:56  Medivac  
  76  6:03  Barracks  
  76  6:04  Medivac  
  78  6:05  Engineering Bay  
  78  6:06  Engineering Bay, Barracks  
  78  6:07  Barracks  
  78  6:08  Combat Shield  
  78  6:24  SCV  
  79  6:27  Supply Depot  
  79  6:29  Supply Depot  
  72  7:02  Orbital Command  
  72  7:16  Barracks Reactor x2  
  72  7:17  Barracks Reactor  
  72  7:18  Medivac x2  
  72  7:19  Factory Tech Lab  
  72  7:20  Marauder, Marine x8  
  86  7:38  Marine x8  
  86  7:39  Orbital Command  
  86  7:41  Marine  
  95  7:46  Terran Infantry Armor Level 1, Terran Infantry Weapons Level 1  
  95  7:49  Medivac x2  
  95  7:50  Siege Tank  
  102  7:55  Marine  
  102  7:56  Marine x3  
  81  8:09  Marauder, Marine x10  
  82  8:13  Marine  
  65  8:22  Marine x3  
  65  8:24  Siege Tank  
  65  8:26  Marine  
  57  8:27  Marine x3  
  57  8:29  Marine  
  57  8:30  Marauder, Marine x2  
  63  8:40  Marine x4  
  63  8:41  Marine  
  52  8:48  SCV  
  52  8:49  SCV  
  52  8:52  Marauder  
  55  9:06  Marine  
  55  9:07  Marine x2  
  53  9:13  Marauder  
  48  9:26  Marine x6  
  48  9:27  Marine  
  55  9:34  Marine x3  
  55  9:35  Marauder  
  60  9:48  Marine x4  
  62  9:56  SCV x2, Marauder  
  65  10:02  Marine  
  65  10:03  Marine  
  67  10:08  SCV x2  
  67  10:10  Orbital Command  
  69  10:17  Marauder  
  71  10:26  Marine x6  
  71  10:27  Marine x5  
  71  10:28  Marine  
  83  10:38  SCV  
  83  10:39  SCV x2, Marauder  
  88  10:47  Medivac x2  
  88  10:48  Siege Tank  
  95  10:50  SCV, Marine  
  95  10:51  SCV x2, Marine x2  
  95  10:52  Marine  
  102  11:00  Marauder  
  102  11:03  SCV x2  
  107  11:04  SCV  
  107  11:15  SCV x2, Marine  
  107  11:16  SCV, Marine x6  
  117  11:20  Armory  
  117  11:22  Concussive Shells  
  117  11:36  Supply Depot  
  117  11:37  Supply Depot  
  117  11:38  Supply Depot, Marine  
  117  11:39  Supply Depot  
  116  11:40  Supply Depot, SCV, Marine  
  116  11:41  Marine  
  117  11:49  Marine  
  117  11:55  Supply Depot  
  117  12:00  Supply Depot  
  117  12:01  Supply Depot x2  
  117  12:03  SCV, Marine  
  117  12:04  SCV x2, Siege Tank  
  124  12:09  Terran Infantry Weapons Level 2, Terran Infantry Armor Level 2  
  124  12:16  SCV  
  86  12:42  Marine  
  86  12:43  Marine x12, Marauder  
  95  12:45  Siege Tank  
  95  12:46  Medivac x2  
  96  13:00  Marine  
  96  13:01  Marine x6  
  96  13:04  Marauder  
  105  13:13  SCV  
  105  13:17  Command Center  
  106  13:21  Supply Depot  
  106  13:26  Marauder  
  108  13:32  Marine  
  108  13:33  Marine x6  
  115  13:36  SCV x2  
  115  13:38  SCV  
  118  13:47  Marauder  
  88  14:26  Marine  
  88  14:27  Marine x3, Marauder  
  88  14:28  Marine x8  
  94  14:33  Marine  
  94  14:35  Siege Tank  
  94  14:43  Factory  
  94  14:44  Marine x2, Barracks  
  94  14:45  Marine x3, Barracks  
  98  14:47  Barracks  
  98  14:48  Marauder  
  86  15:12  SCV  
  86  15:13  SCV x2  
  89  15:19  Supply Depot  
  89  15:20  Marauder, Marine  
  92  15:24  SCV  
  93  15:32  Barracks Tech Lab  
  93  15:33  Marine  
  93  15:34  Marine x10  
  104  15:37  Factory Tech Lab  
  104  15:42  Marauder  
  106  15:44  Planetary Fortress  
  106  15:49  Barracks Tech Lab, Barracks Reactor  
  106  15:50  Barracks Reactor  
  106  15:54  Marine  
  106  15:55  Marine, Marauder  
  110  16:25  Siege Tank  
  110  16:26  Siege Tank  
  110  16:30  Marine  
  110  16:31  Marauder, Marine x2  
  110  16:32  Marine x4, Marauder x2  
  129  16:47  Medivac x2  
  129  16:48  Marine  
  129  16:49  Marine x3  
  129  16:50  Marine  
  129  16:52  Marauder  
  140  17:12  Marine  
  140  17:13  Marine x10, Marauder  
  112  17:43  Marine  
  90  17:44  Marauder, Marine x17  
  106  18:00  Thor  
  108  18:09  Marine  
  108  18:10  Marine x9  
  108  18:11  Marine  
  119  18:25  Refinery  
  119  18:26  SCV, Refinery  
  121  18:27  SCV x2, Refinery  
  121  18:28  Refinery  
  122  18:51  Thor x2  
  122  18:52  Viking x2  
  122  18:53  Marine  
  122  18:54  Marine x2  
  141  19:09  SCV x3  
  144  19:16  Command Center  
  144  19:23  Starport  
Show
View Real Time Build Order
Export as new Build Order

PeLLy Zerg - Winner!

Build Orders: Hatch First 

Get SALT Encoding   

  12  0:01  Drone  
  13  0:13  Overlord  
  13  0:19  Drone  
  14  0:31  Drone  
  14  0:32  Drone  
  16  0:36  Drone  
  17  0:53  Hatchery  
  17  0:55  Drone  
  17  1:04  Drone, Extractor  
  18  1:18  Drone, Spawning Pool  
  18  1:21  Drone  
  18  1:29  Drone  
  19  1:43  Overlord  
  19  1:53  Drone  
  20  2:06  Queen x2  
  20  2:07  Zergling x4  
  26  2:12  Zergling x2  
  27  2:18  Drone  
  28  2:23  Drone  
  29  2:34  Hatchery  
  28  2:39  Drone x3  
  31  2:48  Queen  
  32  3:07  Drone x3  
  32  3:09  Overlord x2  
  35  3:24  Overlord  
  35  3:28  Drone x6  
  41  3:34  Lair  
  41  3:47  Evolution Chamber  
  40  3:49  Evolution Chamber  
  39  3:55  Roach Warren  
  38  4:04  Drone x9  
  47  4:17  Extractor, Baneling Nest  
  47  4:18  Drone x4, Extractor  
  48  4:28  Zerg Missile Weapons Level 1  
  48  4:29  Zerg Melee Weapons Level 1  
  48  4:43  Drone x3  
  48  4:44  Drone x8  
  59  4:49  Queen  
  61  4:59  Glial Reconstitution  
  61  5:01  Centrifical Hooks  
  61  5:03  Zergling x6  
  61  5:04  Zergling x2  
  65  5:12  Baneling  
  65  5:20  Overlord x4  
  65  5:21  Extractor  
  64  5:38  Roach, Queen  
  64  5:39  Roach x9  
  86  5:48  Baneling x6  
  86  5:49  Baneling  
  86  5:53  Roach  
  88  5:57  Drone x3  
  88  6:02  Extractor  
  88  6:03  Spore Crawler  
  89  6:06  Spore Crawler  
  89  6:08  Spore Crawler  
  87  6:13  Queen  
  89  6:20  Spore Crawler  
  89  6:21  Roach  
  89  6:22  Roach x3  
  89  6:24  Overlord x4  
  96  6:33  Roach  
  96  6:35  Overlord x3  
  96  6:37  Zerg Melee Weapons Level 2  
  98  6:40  Zerg Missile Weapons Level 2  
  95  7:11  Drone x8  
  95  7:12  Drone x6  
  109  7:21  Roach x2  
  113  7:23  Roach x3  
  113  7:27  Hatchery  
  118  7:34  Ravager x3  
  118  7:35  Ravager x4  
  125  7:38  Roach  
  125  7:39  Roach  
  125  7:41  Overlord x3  
  129  8:03  Roach x8  
  129  8:04  Roach x2  
  143  8:12  Ravager  
  136  8:24  Roach  
  136  8:25  Roach x6  
  128  8:41  Roach  
  128  8:42  Roach x6  
  122  9:07  Roach x11  
  132  9:12  Drone  
  119  9:24  Ravager x2  
  119  9:28  Ravager  
  119  9:31  Roach x2  
  124  9:32  Overlord  
  124  9:33  Overlord x3  
  113  9:52  Roach  
  113  9:53  Roach x10  
  131  10:04  Ravager  
  132  10:08  Ravager  
  132  10:11  Extractor  
  132  10:14  Extractor  
  132  10:15  Extractor  
  130  10:48  Drone  
  130  10:49  Drone x9  
  140  11:07  Spire  
  139  11:12  Infestation Pit  
  139  11:17  Drone  
  139  11:18  Drone x3  
  142  11:21  Zergling x20  
  142  11:24  Ravager  
  142  11:25  Ravager, Hatchery x2  
  153  11:26  Ravager x2  
  153  11:27  Ravager x2  
  153  11:28  Ravager  
  155  11:54  Baneling x14  
  155  12:05  Zergling x32  
  139  12:27  Roach x8  
  142  12:41  Baneling x2  
  108  12:59  Roach x12  
  132  13:05  Hive  
  132  13:12  Roach x6  
  143  13:23  Roach  
  143  13:24  Roach x3  
  151  13:29  Spine Crawler  
  151  13:30  Zergling x2  
  151  13:31  Spine Crawler  
  151  13:32  Baneling x4  
  151  13:33  Baneling x6  
  150  13:51  Ravager x5  
  154  14:04  Roach x16  
  134  14:33  Zergling x10  
  134  14:34  Zergling x12  
  134  14:36  Metabolic Boost  
  107  15:06  Roach x13  
  122  15:10  Baneling x4  
  118  15:19  Baneling x18  
  118  15:33  Greater Spire  
  118  15:48  Corruptor x2  
  118  15:49  Corruptor x6  
  134  15:54  Extractor  
  134  15:55  Adrenal Glands  
  134  15:56  Extractor  
  132  16:16  Roach x9  
  150  16:24  Hydralisk Den  
  150  16:32  Drone  
  150  16:33  Drone x6  
  150  16:37  Extractor  
  150  16:38  Extractor  
  154  16:44  Brood Lord x2  
  154  16:45  Brood Lord x6  
  170  16:48  Zerg Missile Weapons Level 3  
  170  16:49  Zerg Melee Weapons Level 3  
  170  16:54  Grooved Spines  
  170  16:55  Hydralisk x4  
  147  17:40  Corruptor x3  
  147  17:41  Corruptor x5  
  161  17:46  Drone x9  
  161  17:47  Drone x4  
  168  17:59  Hatchery  
  149  18:05  Muscular Augments  
  149  18:08  Hydralisk x11  
  171  18:15  Ravager x2  
  173  18:35  Zergling x24  
  173  18:36  Zergling x14  
  192  18:50  Overlord x3  
  192  19:01  Baneling x21  
Tags
 
Add a new tag
Caveats
  • Supply blocks, unpowered buildings, or Contaminate may cause inaccurate times.
  • Supply counts are checked every 10 seconds.